 Dungeon Crawl Stone Soup version 0.25.0-9-g26727b657a (webtiles) character file.

Game seed: 11043188806568449479

18 Esekla the Grasshopper (level 2, -2/16 HPs)
             Began as a Deep Elf Warper on June 20, 2020.
             Slain by a hobgoblin
             ... wielding a +0 club
              (4 damage)
             ... on level 1 of the Dungeon.
             The game lasted 00:06:50 (1800 turns).

Esekla the Grasshopper (Deep Elf Warper)            Turns: 1800, Time: 00:06:51

Health: -2/16      AC:  0    Str:  8    XL:     2   Next: 51%
Magic:  2/8        EV: 13    Int: 17    God:
Gold:   57         SH:  0    Dex: 20    Spells: 3/7 levels left

rFire    . . .     SeeInvis .   a - +0 falchion
rCold    . . .     Gourm    .   (no shield)
rNeg     . . .     Faith    .   (no armour)
rPois    .         Spirit   .   (no helmet)
rElec    .         Reflect  .   (no cloak)
rCorr    .         Harm     .   (no gloves)
MR       .....                  (no boots)
Stlth    ++........             (no amulet)
HPRegen  0.05/turn              b - +6 ring of dexterity
MPRegen  0.11/turn              (no ring)

@: very slightly contaminated
A: no striking features
a: no special abilities


You were on level 1 of the Dungeon.
You were near starving.

You visited 1 branch of the dungeon, and saw 2 of its levels.

You collected 57 gold pieces.

Inventory:

Hand Weapons
 a - a +0 falchion (weapon)
 c - a +0 antimagic spear
Missiles
 e - 5 boomerangs of dispersal (quivered)
Jewellery
 b - a +6 ring of dexterity (left hand)
Scrolls
 d - a scroll of blinking
 g - a scroll of random uselessness {unknown}
 j - a scroll of remove curse {unknown}
Potions
 i - a potion of flight {unknown}
Comestibles
 f - 3 rations


   Skills:
 - Level 1.5 Fighting
 * Level 2.3 Long Blades
 + Level 1.0 Throwing
 - Level 0.7 Armour
 * Level 2.7 Dodging
 + Level 3.3 Spellcasting
 * Level 0.6 Charms
 + Level 3.3 Translocations


You had 3 spell levels left.
You knew the following spells:

 Your Spells              Type           Power        Failure   Level  Hunger
a - Shroud of Golubria    Chrm/Tloc      #.....       12%         2    ##.....
b - Blink                 Tloc           N/A          7%          2    ##.....

Your spell library contained the following spells:

 Spells                   Type           Power        Failure   Level  Hunger
 Gell's Gravitas          Tloc           ##........   13%         3    ###....
 Lesser Beckoning         Tloc           ##........   13%         3    ###....
 Teleport Other           Tloc           ##......     13%         3    ###....
 Passage of Golubria      Tloc           N/A          41%         4    ####...


Dungeon Overview and Level Annotations

Branches:
Dungeon (2/15)

Altars:


Message History

The hobgoblin hits you but does no damage.
Casting: Shroud of Golubria (safe; 12% risk of failure)
Confirm with . or Enter, or press ? or * to list all spells.
You miscast Shroud of Golubria.
Nothing appears to happen.
The hobgoblin hits you with a +0 club.
Casting: Shroud of Golubria (safe; 12% risk of failure)
Confirm with . or Enter, or press ? or * to list all spells.
Space distorts slightly along a thin shroud covering your body.
Your shroud bends the hobgoblin's attack away.
You barely miss the hobgoblin. The hobgoblin closely misses you.
You hit the hobgoblin but do no damage.
The hobgoblin hits you but does no damage.
You barely miss the hobgoblin. The hobgoblin barely misses you.
You barely miss the hobgoblin. The hobgoblin hits you with a +0 club.
* * * LOW HITPOINT WARNING * * *
Your shroud falls apart!
You hit the hobgoblin but do no damage. The hobgoblin completely misses you.
You riposte.
You closely miss the hobgoblin. You hit the hobgoblin but do no damage.
The hobgoblin hits you with a +0 club.
You die...

.. #.# #....
#.# #.# #####
#.. #.#
#.##.# ####
######
#.)#÷##...#
#....###
#.......♣
#....†..
.♣.##......♣♣
♣.....##
............♣
♣♣.....#
♣.♣......@..#
♣♣.....
#......g####
♣.....
#......###
♣###..
#.####.
♣..... #. #.
♣##### #. ##
#.


You could see a hobgoblin.

Vanquished Creatures
  3 leopard geckos (D:1)
  3 goblins
  6 bats
  A frilled lizard (D:1)
  A kobold (D:2)
  A rat (D:1)
  A bush (D:1)
16 creatures vanquished.

Notes
Turn   | Place    | Note
-------+----------+-------------------------------------------
     0 | D:1      | Esekla the Deep Elf Warper began the quest for the Orb.
     0 | D:1      | Reached XP level 1. HP: 12/12 MP: 6/6
  1258 | D:2      | Reached XP level 2. HP: 14/16 MP: 8/8
  1262 | D:2      | Learned a level 2 spell: Shroud of Golubria
  1265 | D:2      | Learned a level 2 spell: Blink
  1800 | D:1      | Slain by a hobgoblin

Illustrated notes

Levels and vault maps discovered:
D:1:      dpeg_arrival_water_altar, layout_basic, serial_forest,
          infiniplex_forest_clump_double, infiniplex_forest_zigzag_2,
          infiniplex_forest_lined_corner, infiniplex_forest_straight_4,
          infiniplex_forest_diagonal, infiniplex_forest_lined_3,
          infiniplex_forest_diagonal, infiniplex_forest_side_room,
          patterned_corridor
D:2:      layout_loops_ring, first_ration

Skill      XL: |  1 |
---------------+----+-----
Long Blades    | 2 |  2.3
Fighting       | |  1.5
Throwing       | |  1.0
Armour         | |  0.7
Dodging        | |  2.7
Spellcasting   | |  3.3
Charms         | |  0.6
Translocations | |  3.3

Action                   || total
-------------------------++-------
Melee: Falchion          ||   307
 Cast: Shroud of Golubri ||     5
 Stab: Sleeping          ||     1
  Eat: Chunk             ||     2
Dodge: Dodged            ||    46
       Rpst.: Falchion   ||    12
